 Dungeon Crawl Stone Soup version 0.23-a0-54-gae6112e33f (webtiles) character file.

43 OlSheep the Insei (level 3, 0/21 HPs)
             Began as a Vine Stalker Transmuter on Aug 8, 2018.
             Succumbed to an adder's poison
             ... on level 2 of the Dungeon.
             The game lasted 00:03:09 (946 turns).

OlSheep the Insei (Vine Stalker Transmuter)          Turns: 946, Time: 00:03:10

Health: 0/21       AC:  2    Str: 12    XL:     3   Next: 58%
Magic:  6/8        EV: 17    Int: 19    God:
Gold:   24         SH:  0    Dex: 19    Spells: 2/8 levels left

rFire    . . .     SeeInvis .     - Unarmed
rCold    . . .     Gourm    .   (no shield)
rNeg     . . .     Faith    .   b - +0 robe
rPois    .         Spirit   +   (no helmet)
rElec    .         Reflect  .   (no cloak)
rCorr    .         Harm     .   (no gloves)
MR       .....                  (no boots)
Stlth    +++.......             (no amulet)
HPRegen  0.07/turn              (no ring)
MPRegen  0.11/turn              (no ring)

@: brilliant, agile, lethally poisoned (0 -> -9), appendage (expiring)
A: claws 1, fangs 2, horns 2, robust 2, magic shield, antimagic bite, no potion
heal 3, rot immunity
a: End Transformation


You were on level 2 of the Dungeon.
You were not hungry.
You had grown temporary horns.
You visited 1 branch of the dungeon, and saw 2 of its levels.

You collected 24 gold pieces.

Inventory:

Missiles
 a - 33 arrows
Armour
 b - a +0 robe (worn)
Scrolls
 c - a scroll of immolation {unknown}
Comestibles
 d - 5 rations


   Skills:
 + Level 1.0 Fighting
 - Level 1.5 Dodging
 + Level 3.5 Unarmed Combat
 * Level 3.2 Spellcasting
 + Level 2.2 Transmutations


You had 2 spell levels left.
You knew the following spells:

 Your Spells              Type           Power        Failure   Level  Hunger
a - Beastly Appendage     Tmut           ###...       1%          1    None
b - Sticks to Snakes      Tmut           ###.....     1%          2    ##.....
c - Spider Form           Tmut/Pois      ###.......   3%          3    ###....

Your spell library contained the following spells:

 Spells                   Type           Power        Failure   Level  Hunger
 Blade Hands              Tmut           ###.......   17%         5    ######.
 Ice Form                 Ice/Tmut       ###.....     11%         4    ####...


Dungeon Overview and Level Annotations

Branches:
Dungeon (2/15)

Altars:


Innate Abilities, Weirdness & Mutations

You have extremely sharp teeth.
When hurt, damage is shared between your health and your magic reserves.
Your bite disrupts and absorbs the magic of your enemies.
Potions cannot restore your health.
You are immune to rotting.
You have sharp fingernails.
You have a pair of horns on your head.
You are very robust. (+20% HP)


Message History

You feel sick.
Unknown command.
It was a potion of mutation.
You feel extremely strange.
Your fingernails lengthen.
You feel robust. x2
* * * LOW HITPOINT WARNING * * *
You feel sick.
Your transformation is almost over.
* * * LOW HITPOINT WARNING * * *
You feel sick.
You climb downwards.
The adder bites you.
The giant cockroach bites you but does no damage.
The adder barely misses you. The giant cockroach bites you.
There is a stone staircase leading up, spattered with blood here.
There is a lethal amount of poison in your body!
There is a lethal amount of poison in your body!
There is a lethal amount of poison in your body!
* * * LOW HITPOINT WARNING * * *
You feel sick. The adder completely misses you.
The giant cockroach barely misses you.
You die...

. ....# .....
#.#...# .....
.#...##.....
...........
#.###..........
.............
#..s....#
#..@S...#
#.......#
#.......#
#.......#
..####### ###


You could see an adder and a giant cockroach.

Vanquished Creatures
  A gnoll (D:1)
  An adder (D:1)
  2 dart slugs (D:1)
  2 giant cockroaches (D:1)
  A goblin (D:1)
  3 hobgoblins (D:1)
  2 bats (D:1)
  2 frilled lizards (D:1)
  2 kobolds (D:1)
  7 rats (D:1)
23 creatures vanquished.

Notes
Turn   | Place    | Note
-------+----------+-------------------------------------------
     0 | D:1      | OlSheep the Vine Stalker Transmuter began the quest for the Orb.
     0 | D:1      | Reached XP level 1. HP: 9/9 MP: 4/4
    69 | D:1      | Reached XP level 2. HP: 6/14 MP: 1/6
   391 | D:1      | Learned a level 2 spell: Sticks to Snakes
   647 | D:1      | Reached XP level 3. HP: 16/17 MP: 5/8
   764 | D:1      | Learned a level 3 spell: Spider Form
   831 | D:1      | Reached skill level 1 in Fighting
   942 | D:1      | Gained mutation: You have sharp fingernails. [potion of mutation]
   942 | D:1      | Gained mutation: You are robust. (+10% HP) [potion of mutation]
   942 | D:1      | Gained mutation: You are very robust. (+20% HP) [potion of mutation]
   943 | D:1      | HP: 1/21 [poisoned by an adder]
   946 | D:2      | Succumbed to an adder's poison

Vault maps used:
D:1:      doesnt_arrival_eight_statues
D:2:      bloody_trog

Skill      XL: |  1  2  3 |
---------------+----------+-----
Fighting       | 1 |  1.0
Spellcasting   | 3 |  3.2
Dodging        | |  1.5
Unarmed Combat | |  3.5
Transmutations | |  2.2

Action                   || total
-------------------------++-------
Melee: Unarmed           ||    66
       Kick              ||    11
       Bite              ||    11
       Headbutt          ||     5
       Punch             ||     1
 Cast: Beastly Appendage ||    16
       Spider Form       ||     1
  Use: Potion            ||     3
 Stab: Sleeping          ||     1
  Eat: Chunk             ||     1
Armor: Robe              ||    12
Dodge: Dodged            ||    30

Table legend:
 A = Spawn XP
 B = Non-spawn XP
 C = Spawn XP percentage of total XP
 D = Spawn monster count
 E = Non-spawn monster count
 F = Spawn count percentage of total count
 G = Total turns spent on level
                    A         B        C        D         E        F      G
               +---------+---------+-------+---------+---------+-------+---------
         Total |       0 |      62 |   0.0 |       0 |      23 |   0.0 |   946
               +---------+---------+-------+---------+---------+-------+---------
           D:1 |       0 |      62 |   0.0 |       0 |      23 |   0.0 |   942
               +---------+---------+-------+---------+---------+-------+---------
